MLB
MILWAUKEE BREWERS @ MINNESOTA TWINS
05/11/2044
 
TOP OF THE 1ST
Milwaukee Brewers batting - Pitching for Minnesota Twins : RHP Isaac Slack
Pitching: RHP Isaac Slack
Batting: SHB Pat Wilson 0-0: Called Strike
0-1: Ball
1-1: Ground out 5-3 (Groundball, 56, EV 80.0 MPH)
Batting: RHB Akitada Nishizawa 0-0: Foul Ball, location: 2F
0-1: Swinging Strike
0-2: Ball
1-2: Foul Ball, location: 2F
1-2: Fly out, F9 (Flyball, 9LS, EV 79.4 MPH)
Batting: SHB Jason Woods 0-0: SOLO HOME RUN (Flyball, 89XD, EV 116.9 MPH), Distance : 445 ft
Batting: RHB Bobby Muniz 0-0: Fly out, F7 (Flyball, 7S, EV 82.5 MPH)
Top of the 1st over - 1 run, 1 hit, 0 errors, 0 left on base; Milwaukee 1 - Minnesota 0
BOTTOM OF THE 1ST
Minnesota Twins batting - Pitching for Milwaukee Brewers : RHP Matt Evans
Pitching: RHP Matt Evans
Batting: RHB Yonetoshi Muranaka 0-0: Swinging Strike
0-1: Ground out 6-3 (Groundball, 6, EV 88.8 MPH)
Batting: LHB Joel Kunkler 0-0: Called Strike
0-1: Ball
1-1: Ground out 6-3 (Groundball, 6, EV 86.3 MPH)
Batting: RHB Jared McClernon 0-0: Ball
1-0: Ground out 4-3 (Groundball, 4MS, EV 81.9 MPH)
Bottom of the 1st over - 0 runs, 0 hits, 0 errors, 0 left on base; Milwaukee 1 - Minnesota 0
TOP OF THE 2ND
Milwaukee Brewers batting - Pitching for Minnesota Twins : RHP Isaac Slack
Batting: RHB Adrian Rudkilde 0-0: Fly out, F9 (Line Drive, 89M, EV 93.1 MPH)
Batting: RHB Daniel Donovan 0-0: Ground out 6-3 (Groundball, 6, EV 83.8 MPH)
Batting: RHB Kisho Ito 0-0: Called Strike
0-1: Ball
1-1: Ball
2-1: Ball
3-1: Ground out 5-3 (Groundball, 56, EV 106.3 MPH)
Top of the 2nd over - 0 runs, 0 hits, 0 errors, 0 left on base; Milwaukee 1 - Minnesota 0
BOTTOM OF THE 2ND
Minnesota Twins batting - Pitching for Milwaukee Brewers : RHP Matt Evans
Batting: RHB Jesus Chavez 0-0: Foul Ball, location: 2F
0-1: Swinging Strike
0-2: SINGLE (Flyball, 78S, EV 88.8 MPH)
Batting: LHB Kevin Bellman 0-0: Fly out, F6 (Popup, 4MS, EV 78.1 MPH)
Batting: SHB Buster Hyman 0-0: Ball
1-0: Swinging Strike
1-1: Called Strike
1-2: Ball
2-2: Strikes out looking
Batting: LHB Sadamu Noguchi 0-0: Ball
1-0: 2-RUN HOME RUN (Line Drive, 9D, EV 99.4 MPH), Distance : 406 ft
Batting: RHB Väinö Tapaninen 0-0: Ground out 6-3 (Groundball, 6, EV 87.5 MPH)
Bottom of the 2nd over - 2 runs, 2 hits, 0 errors, 0 left on base; Milwaukee 1 - Minnesota 2
TOP OF THE 3RD
Milwaukee Brewers batting - Pitching for Minnesota Twins : RHP Isaac Slack
Batting: RHB Cody Flowers 0-0: Called Strike
0-1: Ball
1-1: Ball
2-1: Called Strike
2-2: Foul Ball, location: 2F
2-2: Foul Ball, location: 2F
2-2: Fly out, F9 (Line Drive, 9, EV 89.4 MPH)
Batting: SHB Jean-François Bernard 0-0: Ball
1-0: Foul Ball, location: 2F
1-1: Ball
2-1: Ball
3-1: Base on Balls
Batting: SHB Pat Wilson 0-0: Ball
1-0: Ball
2-0: Called Strike
2-1: Foul Ball, location: 2F
2-2: Strikes out swinging
Batting: RHB Akitada Nishizawa 0-0: Ball
1-0: Ball
2-0: Foul Ball, location: 2F
2-1: Fly out, F7 (Line Drive, 7, EV 101.9 MPH)
Top of the 3rd over - 0 runs, 0 hits, 0 errors, 1 left on base; Milwaukee 1 - Minnesota 2
BOTTOM OF THE 3RD
Minnesota Twins batting - Pitching for Milwaukee Brewers : RHP Matt Evans
Batting: RHB Josh Zoglmann 0-0: Swinging Strike
0-1: Called Strike
0-2: Ball
1-2: Ground out 1-3 (Groundball, 13S, EV 64.4 MPH)
Batting: RHB Yonetoshi Muranaka 0-0: Ball
1-0: SINGLE (Groundball, 4S, EV 64.4 MPH) (infield hit)
Batting: LHB Joel Kunkler 0-0: Ball
1-0: Hit by Pitch
Yonetoshi Muranaka to second
Batting: RHB Jared McClernon 0-0: Ball
1-0: Ball
2-0: Called Strike
2-1: Grounds into double play, 5-4-3 (Groundball, 56, EV 96.9 MPH)
Bottom of the 3rd over - 0 runs, 1 hit, 0 errors, 1 left on base; Milwaukee 1 - Minnesota 2
TOP OF THE 4TH
Milwaukee Brewers batting - Pitching for Minnesota Twins : RHP Isaac Slack
Batting: SHB Jason Woods 0-0: Ground out 4-3 (Groundball, 4, EV 85.6 MPH)
Batting: RHB Bobby Muniz 0-0: Called Strike
0-1: Foul Ball, location: 2F
0-2: Foul Ball, location: 2F
0-2: Foul Ball, location: 2F
0-2: Ball
1-2: Ball
2-2: Foul Ball, location: 2F
2-2: Ball
3-2: Ground out 4-3 (Groundball, 4MS, EV 88.8 MPH)
Batting: RHB Adrian Rudkilde 0-0: Ball
1-0: Ball
2-0: Ball
3-0: Base on Balls
Batting: RHB Daniel Donovan 0-0: Ball
1-0: Called Strike
1-1: Fly out, F8 (Flyball, 8LD, EV 89.4 MPH)
Top of the 4th over - 0 runs, 0 hits, 0 errors, 1 left on base; Milwaukee 1 - Minnesota 2
BOTTOM OF THE 4TH
Minnesota Twins batting - Pitching for Milwaukee Brewers : RHP Matt Evans
Batting: RHB Jesus Chavez 0-0: Foul Ball, location: 2F
0-1: Ground out 5-3 (Groundball, 5, EV 108.1 MPH)
Batting: LHB Kevin Bellman 0-0: SINGLE (Popup, 3D, EV 46.3 MPH)
Batting: SHB Buster Hyman 0-0: Ball
1-0: Ball
2-0: Called Strike
2-1: Grounds into double play, 4-6-3 (Groundball, 4, EV 100.0 MPH)
Bottom of the 4th over - 0 runs, 1 hit, 0 errors, 0 left on base; Milwaukee 1 - Minnesota 2
TOP OF THE 5TH
Milwaukee Brewers batting - Pitching for Minnesota Twins : RHP Isaac Slack
Batting: RHB Kisho Ito 0-0: Ball
1-0: SINGLE (Groundball, 3S, EV 71.9 MPH) (infield hit)
Batting: RHB Cody Flowers 0-0: Foul Ball, location: 2F
0-1: Foul Ball, location: 2F
0-2: Ball
1-2: Ball
2-2: Ball
3-2: Foul Ball, location: 2F
3-2: Fly out, F9 (Flyball, 9, EV 80.0 MPH)
Batting: SHB Jean-François Bernard 0-0: Ball
1-0: Called Strike
Kisho Ito steals 2nd base
1-1: Called Strike
Kisho Ito steals 3rd base
1-2: Ball
2-2: Ball
Wild Pitch!
Kisho Ito scores
3-2: Base on Balls
Batting: SHB Pat Wilson 0-0: Ball
1-0: Ball
2-0: Ball
3-0: Called Strike
3-1: Base on Balls
Jean-François Bernard to second
Batting: RHB Akitada Nishizawa 0-0: Ball
1-0: Called Strike
1-1: Foul Ball, location: 2F
1-2: Fly out, F9 (Line Drive, 9D, EV 104.4 MPH)
Runner from 2nd tags up, SAFE at 3rd, no throw by RF
Batting: SHB Jason Woods 0-0: 3-RUN HOME RUN (Flyball, 9LD, EV 96.9 MPH), Distance : 354 ft
Batting: RHB Bobby Muniz 0-0: Called Strike
0-1: Ball
1-1: Foul Ball, location: 2F
1-2: Ground out 4-3 (Groundball, 4, EV 88.1 MPH)
Top of the 5th over - 4 runs, 2 hits, 0 errors, 0 left on base; Milwaukee 5 - Minnesota 2
BOTTOM OF THE 5TH
Minnesota Twins batting - Pitching for Milwaukee Brewers : RHP Matt Evans
Batting: LHB Sadamu Noguchi 0-0: Ball
1-0: SOLO HOME RUN (Flyball, 78XD, EV 105.0 MPH), Distance : 406 ft
Batting: RHB Väinö Tapaninen 0-0: Ball
1-0: Called Strike
1-1: Foul Ball, location: 2F
1-2: Ground out 6-3 (Groundball, 6, EV 90.6 MPH)
Batting: RHB Josh Zoglmann 0-0: Ball
1-0: Ball
2-0: Ball
3-0: Base on Balls
Batting: RHB Yonetoshi Muranaka 0-0: Foul Ball, location: 2F
0-1: Ball
Josh Zoglmann is caught stealing 2nd base 2-4
1-1: Fly out, F2 (Popup, 23F, EV 83.8 MPH)
Bottom of the 5th over - 1 run, 1 hit, 0 errors, 0 left on base; Milwaukee 5 - Minnesota 3
TOP OF THE 6TH
Milwaukee Brewers batting - Pitching for Minnesota Twins : RHP Isaac Slack
Batting: RHB Adrian Rudkilde 0-0: Called Strike
0-1: Ball
1-1: Ball
2-1: Ball
3-1: Base on Balls
Pitching: RHP T.J. Hirst
Batting: RHB Daniel Donovan 0-0: Foul Ball, location: 2F
0-1: Ball
1-1: Ball
2-1: Grounds into double play, 1-6-3 (Groundball, 13S, EV 68.8 MPH)
Batting: RHB Kisho Ito 0-0: Fly out, F8 (Flyball, 8LD, EV 105.0 MPH)
Top of the 6th over - 0 runs, 0 hits, 0 errors, 0 left on base; Milwaukee 5 - Minnesota 3
BOTTOM OF THE 6TH
Minnesota Twins batting - Pitching for Milwaukee Brewers : RHP Matt Evans
Batting: LHB Joel Kunkler 0-0: Ball
1-0: Fly out, F8 (Flyball, 8LD, EV 98.8 MPH)
Batting: RHB Jared McClernon 0-0: Foul Ball, location: 2F
0-1: Ground out 1-3 (Groundball, 13, EV 73.8 MPH)
Batting: RHB Jesus Chavez 0-0: Ball
1-0: Foul Ball, location: 2F
1-1: Ball
2-1: SINGLE (Line Drive, 34D, EV 100.0 MPH)
Batting: LHB Kevin Bellman 0-0: Ball
1-0: Ball
2-0: Called Strike
2-1: Foul Ball, location: 2F
2-2: Foul Ball, location: 2F
2-2: Foul Ball, location: 2F
2-2: Foul Ball, location: 2F
2-2: Ball
3-2: Foul Ball, location: 2F
3-2: Foul Ball, location: 2F
3-2: SINGLE (Groundball, 6D, EV 99.4 MPH)
Jesus Chavez to second
Jesus Chavez to third
Batting: SHB Buster Hyman 0-0: Ball
1-0: Called Strike
1-1: Ball
2-1: Ball
3-1: Fly out, F8 (Flyball, 8RM, EV 72.5 MPH)
Bottom of the 6th over - 0 runs, 2 hits, 0 errors, 2 left on base; Milwaukee 5 - Minnesota 3
TOP OF THE 7TH
Milwaukee Brewers batting - Pitching for Minnesota Twins : RHP T.J. Hirst
Batting: RHB Cody Flowers 0-0: Called Strike
0-1: Foul Ball, location: 2F
0-2: Foul Ball, location: 2F
0-2: Ground out 4-3 (Groundball, 4, EV 85.0 MPH)
Batting: SHB Jean-François Bernard 0-0: Ball
1-0: DOUBLE (Line Drive, 7LS, EV 108.8 MPH)
Batting: SHB Pat Wilson 0-0: Called Strike
Jean-François Bernard steals 3rd base
0-1: Ball
1-1: Ball
2-1: SINGLE (Groundball, 34D, EV 96.3 MPH)
Jean-François Bernard scores
Batting: RHB Akitada Nishizawa 0-0: Ball
1-0: Ball
2-0: Grounds into double play, 6-4-3 (Groundball, 6M, EV 83.1 MPH)
Top of the 7th over - 1 run, 2 hits, 0 errors, 0 left on base; Milwaukee 6 - Minnesota 3
BOTTOM OF THE 7TH
Minnesota Twins batting - Pitching for Milwaukee Brewers : RHP Matt Evans
Now at 2B: Jean-François Bernard
Now at 3B: Yuichi Matsuoka
Batting: LHB Sadamu Noguchi 0-0: Ball
1-0: Fly out, F7 (Flyball, 7D, EV 98.8 MPH)
Batting: RHB Väinö Tapaninen 0-0: Ball
1-0: Ball
2-0: Ball
3-0: Base on Balls
Batting: RHB Josh Zoglmann 0-0: Ball
1-0: Ball
2-0: SINGLE (Groundball, 6D, EV 98.1 MPH)
Väinö Tapaninen to second
Batting: RHB Yonetoshi Muranaka 0-0: Ground out 5-3 (Groundball, 5S, EV 73.8 MPH)
Väinö Tapaninen to third
Josh Zoglmann to second
Batting: LHB Joel Kunkler 0-0: Ball
1-0: Called Strike
1-1: Foul Ball, location: 2F
1-2: Ground out 4-3 (Groundball, 4, EV 84.4 MPH)
Bottom of the 7th over - 0 runs, 1 hit, 0 errors, 2 left on base; Milwaukee 6 - Minnesota 3
TOP OF THE 8TH
Milwaukee Brewers batting - Pitching for Minnesota Twins : RHP T.J. Hirst
Batting: SHB Jason Woods 0-0: Fly out, F9 (Line Drive, 9, EV 86.3 MPH)
Batting: RHB Bobby Muniz 0-0: Called Strike
0-1: Ball
1-1: Foul Ball, location: 2F
1-2: Ground out 6-3 (Groundball, 6S, EV 85.6 MPH)
Batting: RHB Yuichi Matsuoka 0-0: Ball
1-0: Ball
2-0: Called Strike
2-1: Ball
3-1: Fly out, F9 (Flyball, 9LS, EV 86.9 MPH)
Top of the 8th over - 0 runs, 0 hits, 0 errors, 0 left on base; Milwaukee 6 - Minnesota 3
BOTTOM OF THE 8TH
Minnesota Twins batting - Pitching for Milwaukee Brewers : RHP Matt Evans
Batting: RHB Jared McClernon 0-0: Ball
1-0: Called Strike
1-1: Called Strike
1-2: Fly out, F6 (Popup, 6MD, EV 68.1 MPH)
Batting: RHB Jesus Chavez 0-0: Ball
1-0: Ball
2-0: Called Strike
2-1: Fly out, F5 (Popup, 5SF, EV 85.6 MPH)
Batting: LHB Kevin Bellman 0-0: Ball
1-0: Called Strike
1-1: Called Strike
1-2: Ball
2-2: Foul Ball, location: 2F
2-2: Ball
3-2: Strikes out swinging
Bottom of the 8th over - 0 runs, 0 hits, 0 errors, 0 left on base; Milwaukee 6 - Minnesota 3
TOP OF THE 9TH
Milwaukee Brewers batting - Pitching for Minnesota Twins : RHP T.J. Hirst
Pitching: RHP Mario Arce
Batting: RHB Daniel Donovan 0-0: Ball
1-0: Called Strike
1-1: SINGLE (Line Drive, 78S, EV 96.3 MPH)
Batting: RHB Kisho Ito 0-0: Called Strike
Daniel Donovan steals 2nd base
0-1: Ball
1-1: Swinging Strike
1-2: Ball
2-2: Foul Ball, location: 2F
2-2: Ball
3-2: Base on Balls
Batting: RHB Cody Flowers 0-0: Sac Bunt to P - play at first, batter OUT! 1-3
Daniel Donovan to third
Kisho Ito to second
Batting: SHB Jean-François Bernard 0-0: Called Strike
0-1: Ball
1-1: Foul Ball, location: 2F
1-2: Ball
2-2: Ball
3-2: Foul Ball, location: 2F
3-2: Strikes out swinging
Batting: SHB Pat Wilson 0-0: Ball
1-0: Ball
2-0: Ball
3-0: Called Strike
3-1: DOUBLE (Groundball, 3L, EV 110.6 MPH)
Daniel Donovan scores
Kisho Ito scores
Batting: RHB Akitada Nishizawa 0-0: Ball
1-0: Ball
2-0: Called Strike
2-1: Foul Ball, location: 2F
2-2: Ground out 6-3 (Groundball, 6, EV 86.9 MPH)
Top of the 9th over - 2 runs, 2 hits, 0 errors, 1 left on base; Milwaukee 8 - Minnesota 3
BOTTOM OF THE 9TH
Minnesota Twins batting - Pitching for Milwaukee Brewers : RHP Matt Evans
Batting: SHB Buster Hyman 0-0: Ball
1-0: Ball
2-0: DOUBLE (Line Drive, 89D, EV 99.4 MPH)
Batting: LHB Sadamu Noguchi 0-0: Foul Ball, location: 2F
0-1: Ground out 6-3 (Groundball, 6, EV 80.6 MPH)
Buster Hyman to third
Batting: RHB Väinö Tapaninen 0-0: Ball
1-0: Ball
2-0: Foul Ball, location: 2F
2-1: Ball
3-1: Base on Balls
Pitching: LHP Justin Miller
Batting: RHB Josh Zoglmann 0-0: Foul Ball, location: 2F
0-1: Ball
1-1: Fly out, F9 (Line Drive, 9D, EV 88.8 MPH)
Runner from 3rd tags up, SCORES, no throw by RF
Batting: RHB Yonetoshi Muranaka 0-0: Foul Ball, location: 2F
0-1: Ball
1-1: Swinging Strike
1-2: Ball
2-2: Foul Ball, location: 2F
2-2: Fly out, F4 (Line Drive, 4, EV 65.0 MPH)
Bottom of the 9th over - 1 run, 1 hit, 0 errors, 1 left on base; Milwaukee 8 - Minnesota 4
Thursday, March 31st , 2022 - OOTP Baseball 22.12 Build 89